Map: Dash and Terminal LE (Void)

Players

SiMPLePaNDa

  • Race: Protoss Protoss
  • League: Grandmaster

wabbajack - Winner!

  • Race: Zerg Zerg
  • League: Gold

VOD

Have the link to the VOD?

Description

Time

  • Played on: July 19, 2015, 7:12 p.m.
  • Length: 6:21
Show
View Real Time Build Order
Export as new Build Order

SiMPLePaNDa Protoss 

Build Orders: Oracle Opening 

Get SALT Encoding   

  12  0:13  Pylon  
  12  0:14  Probe  
  13  0:26  Probe  
  14  0:36  Gateway  
  14  0:44  Assimilator  
  14  0:46  Probe (Chrono Boost)  
  15  0:56  Probe (Chrono Boost)  
  16  0:58  Pylon  
  16  1:06  Assimilator  
  16  1:11  Probe (Chrono Boost)  
  17  1:21  Probe (Chrono Boost)  
  18  1:26  Cybernetics Core  
  18  1:32  Probe  
  19  1:44  Probe  
  20  1:56  Probe  
  21  2:03  Pylon  
  21  2:04  Warp Gate  
  21  2:05  Adept (Chrono Boost)  
  23  2:09  Mothership Core  
  25  2:16  Gateway  
  24  2:56  Probe  
  25  3:01  Stargate  
  25  3:06  Stalker x2  
  25  3:08  Probe  
  30  3:22  Pylon  
  30  3:44  Robotics Facility  
  30  3:47  Oracle (Chrono Boost)  
  33  4:06  Stalker x2 (Chrono Boost)  
  31  4:14  Probe (Chrono Boost)  
  30  4:24  Probe (Chrono Boost)  
  30  4:31  Probe (Chrono Boost)  
  25  4:43  Probe (Chrono Boost)  
  21  4:46  Observer  
  23  4:53  Probe (Chrono Boost)  
  23  5:01  Probe (Chrono Boost)  
  24  5:11  Probe (Chrono Boost)  
  25  5:18  Probe  
  26  5:30  Probe  
  27  5:42  Probe  
  27  5:54  Probe (Chrono Boost)  
  28  5:58  Adept x2  
  32  6:06  Probe (Chrono Boost)  
Show
View Real Time Build Order
Export as new Build Order

wabbajack Zerg - Winner!

Build Orders: Hatch First 

Get SALT Encoding   

  12  0:03  Drone  
  13  0:12  Drone  
  14  0:17  Overlord  
  14  0:25  Extractor  
  14  0:26  Drone  
  14  0:27  Extractor  
  13  0:30  Drone  
  16  0:42  Drone  
  17  0:56  Hatchery  
  16  1:05  Drone x2, Extractor  
  16  1:09  Drone  
  18  1:24  Drone, Extractor, Spawning Pool  
  17  1:33  Drone  
  17  1:39  Overlord  
  18  2:07  Drone x2  
  20  2:11  Queen  
  20  2:14  Drone  
  20  2:15  Drone  
  24  2:19  Pneumatized Carapace  
  24  2:38  Zergling x2  
  24  2:39  Zergling x6  
  28  2:45  Zergling x4  
  30  2:52  Zergling x2  
  30  2:57  Baneling Nest, Zergling x2  
  31  3:10  Evolution Chamber  
  31  3:12  Queen  
  32  3:20  Spine Crawler  
  32  3:23  Spine Crawler  
  30  3:27  Zergling x4  
  31  3:41  Metabolic Boost  
  31  4:04  Baneling  
  31  4:05  Baneling x3  
  24  4:43  Overlord x2  
  23  4:46  Spore Crawler  
  23  4:52  Spore Crawler  
  20  4:54  Spore Crawler  
  17  5:02  Drone x9  
  17  5:03  Drone  
  27  5:23  Baneling x3  
  27  5:39  Queen  
Tags
 
Add a new tag
Caveats
  • Supply blocks, unpowered buildings, or Contaminate may cause inaccurate times.
  • Supply counts are checked every 10 seconds.